 Dungeon Crawl Stone Soup version 0.23.2-1-ga50397a (webtiles) character file.

Game seed: 2889295043583309801

82725 night the Basher (level 15, -2/92 HPs)
             Began as a Gargoyle Earth Elementalist on Apr 15, 2019.
             Was a High Priest of Sif Muna.
             Slain by a freezing wraith (16 damage)
             ... on level 14 of the Dungeon.
             The game lasted 02:33:09 (36024 turns).

night the Basher (Gargoyle Earth Elementalist)     Turns: 36024, Time: 02:33:10

Health: -2/92      AC: 29    Str: 13    XL:     15   Next: 74%
Magic:  28/28      EV: 18    Int: 22    God:    Sif Muna [*****.]
Gold:   1168       SH:  7    Dex: 21    Spells: 8/33 levels left

rFire    . . .     SeeInvis .   B - +4 morningstar "Hokk" {flame, rPois rF- Int-4 Dex+8}
rCold    . . .     Gourm    .   J - +1 buckler {AC+3}
rNeg     + . .     Faith    .   T - +0 steam dragon scales
rPois    ∞         Spirit   .   w - +1 helmet
rElec    +         Reflect  .   r - +1 cloak of Prudence {*Drain rF+ Int+5 Dex+3}
rCorr    .         Harm     .   v - +1 pair of gloves
MR       +....                  S - +0 pair of boots
Stlth    ++........             (no amulet)
HPRegen  0.25/turn              A - +3 ring of protection
MPRegen  0.21/turn              q - +6 ring of evasion

@: flying, divine energy
A: big wings, negative energy resistance 1, electricity resistance, unbreathing,
petrification resistance, rot immunity, AC +11
a: Stop Flying, Stop Divine Energy, Channel Magic, Forget Spell, Renounce
Religion


You were on level 14 of the Dungeon.
You worshipped Sif Muna.
Sif Muna was extremely pleased with you.
You were very hungry.

You visited 3 branches of the dungeon, and saw 21 of its levels.
You also visited: Sewer and Volcano.

You collected 1280 gold pieces.
You spent 112 gold pieces at shops.

Inventory:

Hand Weapons
 a - the +6 mace "Wiolos" {flame, rPois MR+ Dex+2}
   (You found it on level 4 of the Dungeon)

   It has been specially enchanted to burn those struck by it, causing extra
   injury to most foes and up to half again as much damage against particularly
   susceptible opponents.
   It affects your dexterity (+2).
   It protects you from poison.
   It affects your resistance to hostile enchantments.
 n - the +4 broad axe "Hoerusej" {venom, +Inv rPois rF+ Str+3}
   (You found it on level 11 of the Dungeon)

   It poisons the flesh of those it strikes.
   It affects your strength (+3).
   It protects you from fire.
   It protects you from poison.
   It lets you turn invisible.
 B - the +4 morningstar "Hokk" (weapon) {flame, rPois rF- Int-4 Dex+8}
   (You found it on level 6 of the Lair of Beasts)

   It has been specially enchanted to burn those struck by it, causing extra
   injury to most foes and up to half again as much damage against particularly
   susceptible opponents.
   It affects your intelligence (-4).
   It affects your dexterity (+8).
   It makes you vulnerable to fire.
   It protects you from poison.
 N - a +7 blowgun
Missiles
 z - 86 stones (quivered)
Armour
 r - the +1 cloak of Prudence (worn) {*Drain rF+ Int+5 Dex+3}
   (You found it on level 13 of the Dungeon)

   It affects your intelligence (+5).
   It affects your dexterity (+3).
   It protects you from fire.
   It causes draining when unequipped.
 v - a +1 pair of gloves (worn)
 w - a +1 helmet (worn)
 J - a +1 buckler of protection (worn)
 S - a +0 pair of boots (worn)
 T - +0 steam dragon scales (worn)
Magical Staves
 b - an uncursed staff of earth
 K - an uncursed staff of power
Jewellery
 q - a +6 ring of evasion (right hand)
 A - a +3 ring of protection (left hand)
 H - an uncursed ring of fire
 L - an uncursed ring of resist corrosion
 P - an uncursed ring of see invisible
 U - an uncursed ring of magical power
 W - an uncursed ring of protection from magic
 X - an uncursed ring of protection from cold
Wands
 t - a wand of disintegration (7)
 y - a wand of acid (25)
 C - a wand of enslavement (3)
 D - a wand of digging (7)
 E - a wand of iceblast (23)
 I - a wand of polymorph (17)
 V - a wand of clouds (6)
Scrolls
 c - 2 scrolls of magic mapping
 h - 8 scrolls of teleportation
 i - 3 scrolls of enchant armour
 k - 12 scrolls of remove curse
 o - 3 scrolls of fear
 p - 10 scrolls of identify
 x - a scroll of amnesia
 G - 5 scrolls of blinking
 R - 3 scrolls of enchant weapon
 Y - 2 scrolls of fog
 Z - 2 scrolls of brand weapon
Potions
 e - 6 potions of haste
 f - 5 potions of heal wounds
 j - 3 potions of agility
 l - 6 potions of lignification
 m - 13 potions of curing
 s - 3 potions of might
 u - 8 potions of brilliance
 F - 2 potions of mutation
 O - a potion of magic
 Q - 2 potions of resistance
Miscellaneous
 M - a sack of spiders
Comestibles
 d - 43 rations


   Skills:
 - Level 10.0 Fighting
 + Level 13.5 Maces & Flails
 - Level 1.5 Dodging
 - Level 2.1 Stealth
 - Level 4.0 Shields
 - Level 9.9 Spellcasting
 - Level 10.5 Conjurations
 - Level 3.9 Translocations
   Level 0.7 Transmutations
 * Level 13.0 Fire Magic
 - Level 11.7 Earth Magic


You had 8 spell levels left.
You knew the following spells:

 Your Spells              Type           Power        Failure   Level  Hunger
a - Sandblast             Erth           ######       1%          1    None
b - Stone Arrow           Conj/Erth      ######       1%          3    None
c - Lee's Rapid Deconstr  Erth           ######....   1%          5    ####...
d - Force Lance           Conj/Tloc      #####...     3%          4    ##.....
e - Conjure Flame         Conj/Fire      ######..     1%          3    None
f - Sticky Flame          Conj/Fire      ######..     1%          4    ##.....
g - Bolt of Magma         Conj/Fire/Erth ######....   1%          5    ####...

Your spell library contained the following spells:

 Spells                   Type           Power        Failure   Level  Hunger
 Apportation              Tloc           ####..       1%          1    None
 Magic Dart               Conj           ####         1%          1    None
 Passwall                 Tmut/Erth      #####...     1%          2    None
 Searing Ray              Conj           ######       1%          2    None
 Throw Frost              Conj/Ice       ####..       1%          2    None
 Dazzling Spray           Conj/Hex       ####..       1%          3    None
 Iskenderun's Mystic Bla  Conj           ######..     1%          4    ##.....
 Fireball                 Conj/Fire      ######....   1%          5    ####...
 Ignite Poison            Fire/Tmut/Pois ####....     2%          3    None
 Gell's Gravitas          Tloc           ####......   3%          3    None
 Beastly Appendage        Tmut           ##....       4%          1    None
 Petrify                  Tmut/Erth      #####...     4%          4    ##.....
 Animate Skeleton         Necr           N/A          6%          1    None
 Confusing Touch          Hex            ##....       6%          1    None
 Pain                     Necr           ##..         6%          1    None
 Summon Small Mammal      Summ           ##..         6%          1    None
 Sticks to Snakes         Tmut           ##......     7%          2    None
 Fulminant Prism          Conj/Hex       ####......   7%          4    ##.....
 Portal Projectile        Hex/Tloc       ###...       9%          3    None
 Recall                   Summ/Tloc      N/A          9%          3    None
 Poisonous Vapours        Pois/Air       ##....       10%         2    None
 Spider Form              Tmut/Pois      ##........   16%         3    None
 Borgnjor's Vile Clutch   Necr/Erth      #####.....   16%         5    ####...
 Irradiate                Conj/Tmut      #####.....   17%         5    ####...
 Call Canine Familiar     Summ           ##......     19%         3    None
 Confuse                  Hex            ##......     19%         3    None
 Regeneration             Chrm/Necr      ##........   19%         3    None
 Vampiric Draining        Necr           ##........   19%         3    None
 Bolt of Draining         Conj/Necr      ####......   19%         5    ####...
 Ice Form                 Ice/Tmut       ##......     45%         4    ##.....
 Animate Dead             Necr           N/A          52%         4    ##.....
 Summon Lightning Spire   Summ/Air       ##......     52%         4    ##.....
 Blade Hands              Tmut           ##........   77%         5    ####...
 Alistair's Intoxication  Tmut/Pois      ##......     82%         5    ####...
 Yara's Violent Unravell  Hex/Tmut       ##........   82%         5    ####...
 Aura of Abjuration       Summ           ##........   86%         5    ####...
 Metabolic Englaciation   Hex/Ice        ##........   86%         5    ####...
 Summon Mana Viper        Hex/Summ       ##......     86%         5    ####...
 Dispersal                Tloc           ####......   88%         6    ######.
 Ignition                 Fire           ######....   88%         8    #######
 Death Channel            Necr           ##........   100%        6    ######.
 Shadow Creatures         Summ           N/A          100%        6    ######.
 Simulacrum               Ice/Necr       ##........   100%        6    ######.
 Haunt                    Necr/Summ      ##........   100%        7    #######
 Summon Hydra             Summ           ##........   100%        7    #######
 Borgnjor's Revivificati  Necr           ##........   100%        8    #######
 Chain Lightning          Conj/Air       ####......   100%        8    #######
 Controlled Blink         Tloc           N/A          100%        8    #######
 Disjunction              Tloc           ####......   100%        8    #######
 Sublimation of Blood     Necr           Unusable     N/A         2    N/A

Dungeon Overview and Level Annotations

Branches:
Dungeon (14/15)            Temple (1/1) D:5            Lair (6/6) D:9
 Shoals (0/4) Lair:4       Spider (0/4) Lair:4        Slime (0/5) Lair:6
    Orc (0/2) D:10
 Vaults: D:13-14

Altars:
Ashenzari
Cheibriados
Dithmenos
Elyvilon
Fedhas
Gozag
Hepliaklqana
Kikubaaqudgha
Makhleb
Nemelex Xobeh
Okawaru
Qazlal
Ru
Sif Muna
Trog
Uskayaw
Vehumet
Wu Jian
Xom
Yredelemnul
Zin
The Shining One

Shops:
D:5 :   D:7 ?   D:9 (   D:13 =

Portals:
Trove: D:10 (give +6 demon blade)

Annotations:
D:14 Jorgrun
Lair:3 1 runed translucent door, EtherCrawl's ghost, journeyman TrCK


Innate Abilities, Weirdness & Mutations

You are resistant to torment.
Your stone body is resilient. (AC +11)
You are immune to poison.
Your large and strong wings let you fly indefinitely.
You resist negative energy. (rN+)
You are resistant to electric shocks. (rElec)
You can survive without breathing.
You are immune to petrification.
You are immune to rotting.


Message History

You start resting.
A freezing wraith comes into view.
You sock the freezing wraith! You burn the freezing wraith.
The freezing wraith is moderately damaged.
You block the freezing wraith's attack. x2
You hit the freezing wraith. You burn the freezing wraith.
The freezing wraith is moderately damaged.
The freezing wraith barely misses you. x2
You hit the freezing wraith but do no damage.
The freezing wraith is moderately damaged.
The freezing wraith hits you. The freezing wraith freezes you!
* * * LOW HITPOINT WARNING * * *
The freezing wraith hits you.
* * * LOW HITPOINT WARNING * * *
You barely miss the freezing wraith.
The freezing wraith is moderately damaged.
The freezing wraith hits you!
* * * LOW HITPOINT WARNING * * *
The freezing wraith freezes you!
You die...

#...........≈≈≈≈≈≈
#......... ≈≈≈≈≈≈
#......... ..≈≈≈≈≈
#......... .......
#.......## .......
#.......# .......
#.......# .......
#.......# .......
#@W...... .......
#######.. .......
.. ....... .......
....... .......
#######


You could see a freezing wraith.

Vanquished Creatures
  Gastronok (D:11)
  Kirke (D:12)
  The ghost of bmj180 the Grappler, a journeyman TrMo of Okawaru (D:11)
  A rakshasa (D:12)
  11 hydras
  Erica (D:8)
  A centaur warrior (D:8)
  4 catoblepae
  An ogre mage (D:14)
  A tengu warrior (D:13)
  8 two-headed ogres
  Urug (D:13)
  2 death yaks
  Sonja (Lair:2)
  2 unseen horrors (D:11)
  A wolf spider (D:13)
  Pikel (D:7)
  An orc knight (D:13)
  2 deep elf magi
  An oklob plant (Lair:3)
  A wolf spider zombie (D:12)
  4 cyclopes
  10 ugly things
  2 manticores
  12 elephants
  2 centaur zombies
  3 black mambas
  A torpor snail (Lair:3)
  A gargoyle (D:8)
  7 spiny frogs
  2 kobold demonologists
  A yaktaur (D:13)
  3 rime drakes
  4 komodo dragons
  A yaktaur (shapeshifter) (D:13)
  A troll (D:14)
  8 hornets
  Prince Ribbit (D:7)
  29 blink frogs
  A dream sheep (Lair:6)
  8 hippogriffs
  12 spriggans (Lair:6)
  A centaur simulacrum (D:13)
  A shadow (D:12)
  27 yaks
  3 water elementals (D:14)
  8 wyverns
  A wraith (D:11)
  Grum (D:8)
  4 hogs
  2 hungry ghosts
  7 basilisks
  3 steam dragons (D:10)
  A vampire mosquito (D:8)
  Menkaure (D:5)
  A soldier ant (D:11)
  2 acid dragons
  15 water moccasins
  14 porcupines
  A slave (D:6)
  3 ice beasts
  2 sky beasts (D:12)
  11 black bears
  A necrophage (D:8)
  A phantom (D:7)
  7 ogres
  6 orc warriors
  A hornet zombie (D:14)
  41 wolves
  4 boggarts (Lair:6)
  4 centaurs
  4 big kobolds
  7 crocodiles
  13 bullfrogs
  2 wyvern skeletons
  9 scorpions
  7 killer bees
  4 wights (D:11)
  8 electric eels
  5 howler monkeys
  6 crimson imps
  3 bullfrog zombies
  A quasit (D:8)
  11 orc priests
  16 orc wizards
  2 jellies
  5 centaur skeletons
  2 bullfrog skeletons (D:12)
  8 hounds
  Crazy Yiuf (D:4)
  7 iguanas
  2 hell rats (Lair:5)
  Natasha (thrice) (D:4)
  13 worker ants
  A killer bee zombie (D:8)
  A hound zombie (D:7)
  4 hound skeletons
  A howler monkey zombie (D:6)
  A howler monkey skeleton (D:5)
  2 worker ant zombies
  20 adders
  16 river rats
  5 shadow imps
  3 oozes
  2 adder zombies
  An adder skeleton (D:5)
  3 worms
  2 dart slugs
  10 leopard geckos
  56 orcs
  6 giant cockroaches
  5 goblins
  2 hobgoblins
  12 jackals
  8 quokkas
  3 ball pythons
  8 bats
  7 frilled lizards
  40 kobolds
  25 rats
  A fungus (Lair:3)
  A plant (Lair:3)
716 creatures vanquished.

Vanquished Creatures (others)
  An ogre mage (Volcano)
  A two-headed ogre (Volcano)
  2 water elementals
  A wolf (Lair:2)
  A bush (Lair:5)
  23 fungi
  8 plants
37 creatures vanquished.

Grand Total: 753 creatures vanquished

Notes
Turn   | Place    | Note
-------+----------+-------------------------------------------
     0 | D:1      | night the Gargoyle Earth Elementalist began the quest for
                  | the Orb.
     0 | D:1      | Reached XP level 1. HP: 10/10 MP: 3/3
   309 | D:1      | Reached XP level 2. HP: 4/15 MP: 0/5
  1090 | D:1      | Reached XP level 3. HP: 6/19 MP: 4/7
  1502 | D:1      | Learned a level 3 spell: Stone Arrow
  2158 | D:2      | Reached XP level 4. HP: 8/24 MP: 0/8
  2698 | D:2      | Reached skill level 5 in Earth Magic
  3182 | D:3      | Found a hazy altar of Hepliaklqana.
  3274 | D:3      | Found a shimmering altar of Xom.
  3450 | D:3      | Found an ancient bone altar of Kikubaaqudgha.
  3522 | D:3      | Found a glowing drain.
  3539 | Sewer    | Entered a sewer
  3566 | Sewer    | Reached XP level 5. HP: 15/28 MP: 10/10
  3709 | Sewer    | Learned a level 5 spell: Lee's Rapid Deconstruction
  4338 | Sewer    | Reached XP level 6. HP: 28/32 MP: 12/12
  5189 | D:3      | Found a deep blue altar of Sif Muna.
  5704 | D:4      | Got a bloodstained mace
  5705 | D:4      | Identified the +6 mace "Wiolos" {flame, rPois MR+ Dex+2}
                  | (You found it on level 4 of the Dungeon)
  5717 | D:4      | Found a shadowy altar of Dithmenos.
  5820 | D:4      | Got an iridescent trident
  5821 | D:4      | Identified the +7 trident "Spiderbane" {holy, rF+ Int+7}
                  | (You found it on level 4 of the Dungeon)
  5842 | D:4      | Noticed Natasha
  5851 | D:4      | Killed Natasha
  6061 | D:4      | Reached skill level 1 in Conjurations
  6109 | D:4      | Reached skill level 1 in Maces & Flails
  6109 | D:4      | Reached XP level 7. HP: 36/36 MP: 3/13
  6211 | D:4      | Noticed Natasha
  6227 | D:4      | Killed Natasha
  6290 | D:4      | Noticed Natasha
  6293 | D:4      | Killed Natasha
  6422 | D:4      | Found a sacrificial altar of Ru.
  6562 | D:4      | Reached skill level 5 in Spellcasting
  6677 | D:4      | Found a runed translucent door.
  6678 | D:4      | Noticed Crazy Yiuf
  6686 | D:4      | Killed Crazy Yiuf
  6924 | D:5      | Entered Level 5 of the Dungeon
  6928 | D:5      | Found a bloodstained altar of Trog.
  7072 | D:5      | Found a basalt altar of Yredelemnul.
  7364 | D:5      | Found a staircase to the Ecumenical Temple.
  7379 | Temple   | Entered the Ecumenical Temple
  7508 | D:5      | Found Riaf's Book Shoppe.
  7634 | D:3      | Became a worshipper of Sif Muna the Loreminder
  7792 | D:5      | Reached skill level 1 in Shields
  7800 | D:5      | Reached XP level 8. HP: 41/41 MP: 8/15
  8202 | D:5      | Noticed Menkaure
  8215 | D:5      | Killed Menkaure
  8849 | D:6      | Found a shattered altar of Ashenzari.
  9105 | D:6      | Reached * piety under Sif Muna
  9853 | D:7      | Reached XP level 9. HP: 19/45 MP: 6/18
 10062 | D:7      | Reached skill level 5 in Conjurations
 10253 | D:7      | Found an iron altar of Okawaru.
 10324 | D:7      | Noticed Pikel
 10336 | D:7      | Reached ** piety under Sif Muna
 10590 | D:7      | Reached skill level 5 in Maces & Flails
 10638 | D:7      | Killed Pikel
 10747 | D:7      | Found Catueff's Magic Scroll Shoppe.
 10754 | D:7      | Bought a scroll of blinking for 112 gold pieces
 11040 | D:7      | Found a radiant altar of Vehumet.
 11178 | D:7      | Noticed Prince Ribbit
 11183 | D:7      | Killed Prince Ribbit
 11352 | D:7      | Reached XP level 10. HP: 25/50 MP: 10/20
 11525 | D:8      | Noticed Erica
 11533 | D:8      | Killed Erica
 11533 | D:8      | Reached *** piety under Sif Muna
 11647 | D:8      | Reached skill level 10 in Earth Magic
 11763 | D:8      | Found a sparkling altar of Nemelex Xobeh.
 12030 | D:8      | Found a white marble altar of Elyvilon.
 12199 | D:8      | Noticed Grum
 12205 | D:8      | Killed Grum
 12471 | D:8      | Noticed a gargoyle
 12474 | D:8      | Noticed a centaur warrior
 12477 | D:8      | Noticed a cyclops
 12484 | D:8      | Killed a gargoyle
 12486 | D:8      | Killed a centaur warrior
 12492 | D:8      | Reached **** piety under Sif Muna
 12493 | D:8      | Killed a cyclops
 12493 | D:8      | Reached XP level 11. HP: 18/54 MP: 1/23
 12750 | D:8      | Identified the Reference Book on Destructive Calling
 12757 | D:8      | Identified the Catalogue of Calling
 13290 | D:9      | Found a staircase to the Lair.
 13941 | D:9      | Noticed a deep elf mage
 13948 | D:9      | Killed a deep elf mage
 13961 | D:9      | Reached ***** piety under Sif Muna
 13979 | D:9      | Found Siadif's Weapon Shoppe.
 14467 | D:9      | Found a bloodstained altar of Trog.
 14619 | D:10     | Entered Level 10 of the Dungeon
 14923 | D:10     | Found a portal to a secret trove of treasure.
 15155 | D:10     | Noticed a two-headed ogre
 15163 | D:10     | Killed a two-headed ogre
 15163 | D:10     | Received a gift from Sif Muna
 15524 | D:10     | Found a staircase to the Orcish Mines.
 16218 | Lair:1   | Entered Level 1 of the Lair of Beasts
 16224 | Lair:1   | Learned a level 4 spell: Force Lance
 16499 | Lair:2   | Reached skill level 1 in Translocations
 16509 | Lair:2   | Reached XP level 12. HP: 15/59 MP: 3/25
 16519 | Lair:2   | Noticed Sonja
 16540 | Lair:2   | Killed Sonja
 16890 | Lair:2   | Found a dark tunnel.
 16901 | Volcano  | Entered a volcano
 17022 | Volcano  | Noticed a two-headed ogre
 17031 | Volcano  | Killed a two-headed ogre
 17031 | Volcano  | Reached skill level 10 in Conjurations
 17130 | Volcano  | Noticed an ogre mage
 17130 | Volcano  | Noticed a two-headed ogre
 17140 | Volcano  | Noticed a two-headed ogre
 17143 | Volcano  | Killed an ogre mage
 17155 | Volcano  | Killed a two-headed ogre
 17159 | Volcano  | Noticed a two-headed ogre
 17177 | Volcano  | Killed a two-headed ogre
 17235 | Volcano  | Noticed a red draconian
 18778 | Lair:1   | Reached skill level 1 in Fighting
 18913 | Lair:1   | Noticed a six-headed hydra
 18926 | Lair:1   | Killed a six-headed hydra
 18926 | Lair:1   | Reached skill level 10 in Maces & Flails
 19682 | Lair:3   | Identified Lolekiku's Almanac of the Quantum Volcanoes (Sif
                  | Muna gifted it to you on level 3 of the Lair of Beasts)
 19682 | Lair:3   | Received a gift from Sif Muna
 19728 | Lair:3   | Learned a level 3 spell: Conjure Flame
 19733 | Lair:3   | Learned a level 4 spell: Sticky Flame
 19819 | Lair:3   | Reached skill level 1 in Fire Magic
 20081 | Lair:3   | Reached XP level 13. HP: 70/70 MP: 16/26
 20668 | Lair:3   | Found a sparkling altar of Nemelex Xobeh.
 20889 | Lair:3   | Reached skill level 5 in Fighting
 20989 | Lair:3   | Found a runed translucent door.
 20990 | Lair:3   | Found a shimmering altar of Xom.
 20990 | Lair:3   | Noticed EtherCrawl's ghost (journeyman TrCK)
 21876 | Lair:4   | Found a staircase to the Shoals.
 21960 | Lair:4   | Reached skill level 5 in Fire Magic
 22192 | Lair:4   | Found a hole to the Spider Nest.
 24246 | Lair:5   | Identified Sif Muna's Incunabulum of Changing and Flight
                  | (Sif Muna gifted it to you on level 5 of the Lair of
                  | Beasts)
 24246 | Lair:5   | Received a gift from Sif Muna
 24718 | Lair:5   | Learned a level 5 spell: Bolt of Magma
 24739 | Lair:6   | Entered Level 6 of the Lair of Beasts
 25424 | Lair:6   | Found a staircase to the Slime Pits.
 25536 | Lair:6   | Gained mutation: Your large and strong wings let you fly
                  | indefinitely. [Gargoyle growth]
 25536 | Lair:6   | Reached XP level 14. HP: 80/82 MP: 14/27
 28295 | Lair:6   | Got a translucent morningstar
 28296 | Lair:6   | Identified the +4 morningstar "Hokk" {flame, rPois rF-
                  | Int-4 Dex+8} (You found it on level 6 of the Lair of
                  | Beasts)
 28762 | D:11     | Noticed Gastronok
 28782 | D:11     | Killed Gastronok
 28782 | D:11     | Reached skill level 10 in Fire Magic
 29170 | D:11     | Found a runed translucent gate.
 29170 | D:11     | Found a runed translucent gate.
 29172 | D:11     | Found a runed translucent gate.
 29172 | D:11     | Noticed bmj180's ghost (journeyman TrMo)
 29468 | D:11     | Killed bmj180's ghost
 29787 | D:11     | Got an ichor-stained broad axe
 29788 | D:11     | Identified the +4 broad axe "Hoerusej" {venom, +Inv rPois
                  | rF+ Str+3} (You found it on level 11 of the Dungeon)
 29930 | D:11     | Received a gift from Sif Muna
 30731 | D:12     | Reached XP level 15. HP: 85/91 MP: 19/28
 31043 | D:12     | Noticed Kirke
 31630 | D:12     | Noticed a sphinx
 31632 | D:12     | Killed Kirke
 31994 | D:13     | Found a hazy altar of Hepliaklqana.
 32493 | D:13     | Noticed Urug
 32618 | D:13     | Killed Urug
 32771 | D:13     | Reached skill level 10 in Fighting
 32967 | D:13     | Found Oferenew's Jewellery Shop.
 33365 | D:13     | Got a pitted cloak
 33376 | D:13     | Identified the +1 cloak of Prudence {*Drain rF+ Int+5
                  | Dex+3} (You found it on level 13 of the Dungeon)
 33389 | D:13     | Identified Soac's Compendium of the Frostbite and Combat
                  | Magic
 35050 | D:14     | Identified Sif Muna's Reference Book on Unholy Magic (Sif
                  | Muna gifted it to you on level 14 of the Dungeon)
 35050 | D:14     | Received a gift from Sif Muna
 35382 | D:14     | Noticed Jorgrun
 36024 | D:14     | Slain by a freezing wraith

Skill      XL: |  1  2  3  4  5  6  7  8  9 10 11 12 13 14 15 |
---------------+----------------------------------------------+-----
Earth Magic    | 4 5 6 7 8 9 10 11 | 11.7
Spellcasting   | 3 4 5 6 7 8 9 |  9.9
Conjurations   | 1 2 4 6 8 9 10 | 10.5
Maces & Flails | 1 2 4 5 7 8 10 11 12 13 | 13.5
Shields        | 1 2 4 |  4.0
Translocations | 1 3 |  3.9
Fighting       | 4 7 9 10 | 10.0
Fire Magic     | 1 7 11 13 | 13.0
Dodging        | |  1.5
Stealth        | |  2.1
Transmutations | |  0.7

Action                   |  1- 3 |  4- 6 |  7- 9 | 10-12 | 13-15 || total
-------------------------+-------+-------+-------+-------+-------++-------
Melee: Unarmed           |    48 |       |       |       |    13 ||    61
       Whip              |    75 |    42 |     3 |       |       ||   120
       Dagger            |    15 |   137 |       |       |       ||   152
       Morningstar       |       |    23 |       |       |   401 ||   424
       Mace              |       |    23 |   243 |   371 |   703 ||  1340
       Staff             |       |       |       |       |     7 ||     7
       Broad axe         |       |       |       |       |    52 ||    52
Throw: Stone             |     3 |       |       |       |       ||     3
 Cast: Sandblast         |    20 |    13 |     4 |    25 |     3 ||    65
       Stone Arrow       |     3 |    15 |    44 |   143 |   223 ||   428
       Lee's Rapid Decon |       |     2 |     3 |    29 |    63 ||    97
       Force Lance       |       |       |       |     5 |     4 ||     9
       Conjure Flame     |       |       |       |     1 |    16 ||    17
       Sticky Flame      |       |       |       |       |     8 ||     8
       Bolt of Magma     |       |       |       |       |    11 ||    11
Invok: Divine Energy     |       |       |     1 |       |       ||     1
 Abil: Fly               |       |       |       |       |     1 ||     1
Evoke: Wand              |       |       |       |     6 |     4 ||    10
  Use: Potion            |       |     1 |     1 |    11 |     2 ||    15
       Scroll            |       |       |    11 |     5 |    14 ||    30
 Stab: Sleeping          |     1 |     3 |     5 |     8 |     1 ||    18
       Distracted        |     1 |     1 |       |       |     2 ||     4
       Petrified         |       |       |       |       |     6 ||     6
  Eat: Chunk             |     4 |    16 |    20 |    28 |    50 ||   118
       Ration            |       |       |       |     2 |     5 ||     7
Armor: Robe              |    62 |    90 |   113 |   107 |       ||   372
       Steam dragon scal |       |       |       |   108 |   540 ||   648
       Skin              |       |       |       |    30 |       ||    30
Dodge: Dodged            |   109 |   162 |   130 |   249 |   838 ||  1488
Block: Buckler           |       |       |     9 |   109 |   360 ||   478
